Map: Last Fantasy LE

Players

Lightmoon

  • Race: Zerg Zerg
  • League: Gold
  • Spawn Location: 12:00

Hotcakes - Winner!

  • Race: Zerg Zerg
  • League: Gold
  • Spawn Location: 7:00

VOD

Have the link to the VOD?

Description

Time

  • Played on: Aug. 9, 2025, 6:14 p.m.
  • Length: 12:49
Show
View Real Time Build Order
Export as new Build Order

Lightmoon Zerg 

Build Orders: 3 Hatch before Pool 

Get SALT Encoding   

  12  0:30  Drone, Hatchery  
  12  0:35  Drone  
  13  0:40  Drone  
  14  0:46  Extractor  
  14  0:49  Extractor  
  12  0:51  Drone  
  12  0:53  Drone  
  14  1:27  Hatchery  
  14  1:28  Overlord  
  13  1:51  Spawning Pool  
  13  1:52  Drone  
  13  1:58  Drone  
  14  2:04  Drone  
  15  2:10  Drone  
  16  2:19  Drone x2  
  18  2:23  Drone  
  19  2:32  Drone  
  19  2:33  Drone  
  21  2:47  Queen  
  23  2:51  Drone  
  23  2:55  Drone  
  25  2:59  Drone  
  25  3:02  Drone  
  27  3:06  Drone  
  27  3:09  Drone  
  29  3:20  Queen  
  29  3:23  Drone  
  32  3:33  Queen  
  34  3:38  Overlord  
  34  3:45  Overlord  
  34  3:58  Zergling x8  
  34  3:59  Zergling x4  
  34  4:01  Metabolic Boost  
  40  4:08  Drone  
  40  4:09  Drone  
  42  4:10  Drone  
  43  4:26  Evolution Chamber  
  43  4:29  Evolution Chamber  
  41  4:31  Drone  
  41  4:32  Drone x5  
  41  4:34  Drone  
  41  4:36  Drone  
  49  4:45  Overlord x2  
  49  4:58  Zerg Missile Weapons Level 1, Zerg Melee Weapons Level 1  
  49  5:04  Baneling Nest  
  48  5:07  Roach Warren  
  48  5:08  Lair  
  48  5:14  Drone x3  
  48  5:15  Drone  
  48  5:16  Drone  
  48  5:19  Extractor  
  51  5:21  Drone  
  51  5:22  Extractor  
  51  5:24  Drone  
  52  5:34  Zergling x12  
  58  5:36  Zergling x2  
  59  5:48  Queen  
  61  5:51  Drone  
  61  5:53  Drone  
  61  5:55  Drone x3  
  66  6:10  Spire  
  59  6:34  Roach x2  
  59  6:35  Roach  
  59  6:36  Overlord x5  
  65  7:02  Roach x5  
  65  7:03  Roach x3  
  65  7:06  Glial Reconstitution  
  81  7:09  Centrifugal Hooks  
  81  7:10  Zerg Melee Weapons Level 2  
  81  7:11  Zerg Missile Weapons Level 2  
  81  7:22  Zerg Flyer Weapons Level 1  
  78  7:31  Roach x4  
  78  7:32  Roach x7  
  78  7:33  Roach  
  90  7:47  Mutalisk x2  
  90  7:48  Mutalisk  
  72  8:16  Mutalisk x3  
  72  8:17  Zergling x6  
  72  8:18  Zergling x6  
  70  8:38  Drone x2  
  70  8:39  Drone x4  
  69  8:54  Mutalisk x4  
  71  8:56  Zergling x6  
  66  9:05  Roach  
  65  9:11  Zergling x4  
  67  9:22  Zergling x4  
  67  9:23  Zergling x4  
  68  9:37  Roach x3  
  67  9:55  Roach x5  
  77  10:00  Pneumatized Carapace  
  81  10:07  Roach x4  
  85  10:16  Spine Crawler  
  85  10:18  Spine Crawler  
  83  10:21  Spine Crawler  
  83  10:23  Drone x7  
  83  10:24  Drone  
  83  10:27  Roach x2  
  86  10:50  Mutalisk  
  86  10:51  Mutalisk x4  
  86  10:52  Zergling x4  
  86  11:08  Hydralisk Den  
  85  11:20  Baneling x4  
  85  11:26  Burrow  
  85  11:29  Queen x2  
  89  11:44  Spine Crawler  
  89  11:45  Spine Crawler  
  87  11:50  Grooved Spines  
  87  11:53  Hydralisk x2  
  87  11:54  Hydralisk  
  89  11:57  Zergling x6  
  89  11:58  Zergling x4  
  92  12:08  Roach x2  
  71  12:22  Baneling x4  
  66  12:23  Baneling x3  
  66  12:32  Hatchery  
Show
View Real Time Build Order
Export as new Build Order

Hotcakes Zerg - Winner!

Build Orders: Hatch First, Roach Hydra 

Get SALT Encoding   

  12  0:01  Drone  
  13  0:12  Overlord  
  13  0:16  Drone  
  14  0:30  Drone x2  
  16  0:48  Hatchery  
  15  0:55  Drone x2  
  17  1:00  Drone  
  18  1:08  Extractor  
  17  1:14  Spawning Pool  
  16  1:21  Drone x2  
  18  1:27  Drone  
  19  1:39  Overlord  
  19  2:00  Queen  
  19  2:01  Queen  
  23  2:02  Zergling x4  
  23  2:05  Drone  
  26  2:13  Metabolic Boost  
  26  2:17  Drone x2  
  28  2:23  Drone x2  
  30  2:36  Queen  
  32  2:42  Overlord  
  32  2:45  Drone x2  
  34  3:00  Hatchery  
  34  3:05  Drone x2  
  35  3:13  Drone  
  36  3:20  Extractor  
  36  3:21  Evolution Chamber  
  36  3:22  Evolution Chamber  
  36  3:26  Roach Warren  
  32  3:33  Lair  
  32  3:38  Zergling x4  
  32  3:40  Zergling x2  
  35  3:52  Zerg Missile Weapons Level 1  
  35  4:14  Extractor  
  34  4:19  Drone  
  34  4:20  Drone x4  
  34  4:21  Drone  
  34  4:23  Zerg Ground Armor Level 1  
  40  4:24  Extractor  
  40  4:28  Drone x2  
  40  4:29  Drone x2  
  43  4:34  Glial Reconstitution  
  43  4:44  Drone x3  
  43  4:45  Drone  
  47  4:46  Drone x2  
  49  5:02  Hydralisk Den  
  49  5:04  Drone  
  49  5:05  Drone  
  50  5:10  Overlord x2  
  50  5:29  Drone x3  
  50  5:30  Drone x3, Overlord  
  50  5:31  Overlord  
  50  5:32  Overlord  
  50  5:34  Muscular Augments  
  56  6:00  Roach x2  
  56  6:01  Roach  
  56  6:02  Hydralisk  
  56  6:03  Roach x3, Hydralisk  
  74  6:04  Roach  
  74  6:11  Drone  
  75  6:15  Evolution Chamber  
  74  6:20  Roach  
  74  6:21  Roach x2, Hydralisk  
  81  6:38  Grooved Spines  
  81  6:45  Roach x3, Hydralisk  
  89  6:51  Overlord x3  
  89  6:52  Overlord  
  89  7:04  Overlord  
  89  7:09  Queen  
  89  7:10  Hydralisk x2  
  89  7:11  Roach x2, Hydralisk x2  
  89  7:12  Roach  
  102  7:32  Hydralisk  
  102  7:33  Roach x8  
  113  7:47  Hydralisk x2  
  113  7:49  Drone  
  113  7:50  Drone x2  
  92  8:22  Roach x2, Hydralisk x2  
  92  8:23  Drone x2, Roach  
  92  8:24  Overseer, Drone  
  92  8:25  Drone  
  92  8:26  Drone  
  101  8:29  Extractor, Zerg Missile Weapons Level 2, Zerg Ground Armor Level 2  
  94  8:34  Roach, Hydralisk x2  
  100  8:46  Drone x2  
  102  8:53  Hydralisk x2  
  100  9:00  Hydralisk x2  
  100  9:01  Roach  
  98  9:13  Drone x2  
  98  9:14  Drone  
  98  9:16  Roach, Hydralisk  
  105  9:34  Hydralisk x5  
  111  9:40  Hydralisk  
  111  9:41  Hydralisk  
  111  9:44  Queen  
  111  9:58  Hydralisk x4  
  119  10:04  Burrow  
  119  10:07  Overlord  
  119  10:16  Infestation Pit  
  119  10:20  Queen, Extractor  
  119  10:27  Hydralisk x3  
  119  10:28  Roach x2  
  129  10:29  Overlord  
  129  10:30  Overlord  
  129  10:35  Hatchery  
  126  10:43  Roach, Hydralisk  
  126  10:44  Roach, Hydralisk  
  126  10:45  Roach, Hydralisk  
  108  10:59  Hydralisk  
  108  11:00  Roach x2  
  114  11:18  Neural Parasite  
  114  11:26  Spire  
  114  11:32  Spire  
  112  11:33  Hive  
  112  11:35  Roach, Hydralisk x4  
  112  11:36  Roach, Hydralisk x2  
  128  11:45  Overseer  
  128  11:46  Overlord  
  128  11:52  Drone x4  
  128  11:53  Drone x5  
  128  11:54  Drone x2  
  127  12:17  Hydralisk x2  
  127  12:18  Roach x2, Hydralisk  
  127  12:19  Roach, Hydralisk x2  
  143  12:27  Drone x3  
Tags
 
Add a new tag
Caveats
  • Supply blocks, unpowered buildings, or Contaminate may cause inaccurate times.
  • Supply counts are checked every 10 seconds.